[ AOE2 MATCH · #495787696 ]
UnrankedMapuche vs Bulgarians
Player's team · LOSS
[ REPLAY ANALYSIS · EXTRACTED FROM THE RECORDED GAME ]
Feudal
8:59
Castle
24:47
Imperial
—
| APM avg | 52.7 |
| APM peak | 84 |
| eAPM avg | 25.1 |
| Villagers / military | 70 / 53 |
Focus
⚔️ 43.8% · 🌾 56.2%
Bolas Rider ×36 · Unknown (2550) ×14 · Archer ×7 · Spearman ×6 · Petard ×2 · Mangonel ×2
Feudal
8:50
Castle
22:28
Imperial
—
| APM avg | 54.3 |
| APM peak | 98 |
| eAPM avg | 27.7 |
| Villagers / military | 132 / 95 |
Focus
⚔️ 42.8% · 🌾 57.2%
Skirmisher ×43 · Militia ×26 · Knight ×20 · Monk ×6
Match map
Initial resources + every placement click. Lines = walls · curves = elevation contours. ◆ gold · ⬟ stone · ● berries · ✦ relic · ◌ wall gap
Your base· Open — opponent sealed themselves in
Hannibal's base· ✓ Closed at 22:28 · 41t walls · 2 gate(s)
Smoothed initial terrain · ◌ = detected wall gap · hover for details
Inputs per minute
— Oni.GoKu - - Hannibal
Build order — Oni.GoKu
First 150 of 240 actions detected
| 0:00 | Queue | Villager (Male) |
| 0:00 | Queue | Villager (Male) |
| 0:01 | Queue | Villager (Male) |
| 0:01 | Queue | Villager (Male) |
| 0:02 | Build | House |
| 0:03 | Build | House |
| 1:27 | Queue | Villager (Male) |
| 1:51 | Queue | Villager (Male) |
| 1:51 | Queue | Villager (Male) |
| 1:59 | Build | Settlement |
| 2:25 | Queue | Villager (Male) |
| 2:49 | Queue | Villager (Male) |
| 2:50 | Queue | Villager (Male) |
| 2:50 | Queue | Villager (Male) |
| 3:32 | Queue | Villager (Male) |
| 3:54 | Queue | Villager (Male) |
| 3:54 | Queue | Villager (Male) |
| 4:30 | Queue | Villager (Male) |
| 4:44 | Queue | Villager (Male) |
| 4:57 | Queue | Villager (Male) |
| 5:01 | Build | Barracks |
| 5:26 | Queue | Villager (Male) |
| 5:30 | Build | House |
| 6:05 | Research | Loom |
| 6:26 | Build | Palisade Wall |
| 6:49 | Research | Feudal Age |
| 7:06 | Build | Settlement |
| 7:11 | Queue | Unit 2550 |
| 7:11 | Queue | Unit 2550 |
| 7:29 | Queue | Unit 2550 |
| 7:55 | Build | Palisade Wall |
| 8:03 | Queue | Unit 2550 |
| 8:35 | Build | Palisade Wall |
| 8:40 | Build | Palisade Wall |
| 8:43 | Build | Palisade Wall |
| 8:52 | Build | Palisade Wall |
| 8:54 | Queue | Villager (Male) |
| 8:59 | Age | Feudal Age |
| 9:05 | Research | Tech 1402 |
| 9:09 | Build | Palisade Wall |
| 9:14 | Queue | Villager (Male) |
| 9:29 | Build | Palisade Wall |
| 9:30 | Build | Palisade Wall |
| 9:32 | Build | Palisade Wall |
| 9:34 | Build | House |
| 9:36 | Queue | Villager (Male) |
| 9:52 | Build | Archery Range |
| 9:55 | Queue | Villager (Male) |
| 10:06 | Build | Palisade Wall |
| 10:08 | Build | Palisade Wall |
| 10:16 | Build | House |
| 10:28 | Queue | Unit 2550 |
| 10:31 | Research | Double-Bit Axe |
| 10:31 | Research | Double-Bit Axe |
| 10:36 | Build | House |
| 10:59 | Build | Farm |
| 11:01 | Queue | Villager (Male) |
| 11:03 | Build | Palisade Wall |
| 11:23 | Queue | Villager (Male) |
| 11:50 | Build | Farm |
| 11:51 | Queue | Villager (Male) |
| 11:53 | Build | Farm |
| 12:06 | Queue | Archer |
| 12:22 | Build | Farm |
| 12:25 | Build | House |
| 12:43 | Build | Farm |
| 12:52 | Queue | Archer |
| 12:53 | Queue | Villager (Male) |
| 13:22 | Queue | Villager (Male) |
| 13:36 | Queue | Villager (Male) |
| 13:38 | Queue | Archer |
| 13:49 | Build | Farm |
| 14:06 | Queue | Villager (Male) |
| 14:09 | Build | Farm |
| 14:11 | Build | Farm |
| 14:15 | Build | House |
| 14:18 | Queue | Archer |
| 14:32 | Queue | Villager (Male) |
| 14:38 | Queue | Villager (Male) |
| 14:49 | Build | House |
| 14:54 | Queue | Archer |
| 15:19 | Research | Arson |
| 15:19 | Research | Arson |
| 15:24 | Queue | Villager (Male) |
| 15:25 | Build | Farm |
| 15:40 | Build | Settlement |
| 15:45 | Queue | Villager (Male) |
| 16:12 | Queue | Villager (Male) |
| 16:14 | Build | Watch Tower |
| 16:18 | Queue | Villager (Male) |
| 16:30 | Queue | Villager (Male) |
| 16:32 | Build | Palisade Wall |
| 16:36 | Build | Palisade Wall |
| 16:50 | Queue | Villager (Male) |
| 16:51 | Queue | Villager (Male) |
| 17:14 | Queue | Archer |
| 17:15 | Queue | Unit 2550 |
| 17:19 | Queue | Villager (Male) |
| 17:21 | Build | Farm |
| 17:25 | Build | Farm |
| 17:39 | Queue | Unit 2550 |
| 17:39 | Queue | Villager (Male) |
| 17:43 | Build | Blacksmith |
| 17:47 | Queue | Archer |
| 18:01 | Build | Farm |
| 18:03 | Queue | Villager (Male) |
| 18:07 | Queue | Unit 2550 |
| 18:24 | Queue | Villager (Male) |
| 18:26 | Build | House |
| 18:31 | Build | Settlement |
| 18:33 | Research | Fletching |
| 18:59 | Queue | Unit 2550 |
| 19:00 | Queue | Villager (Male) |
| 19:06 | Build | Farm |
| 19:18 | Research | Scale Mail Armor |
| 19:18 | Research | Scale Mail Armor |
| 19:18 | Queue | Unit 2550 |
| 19:21 | Queue | Villager (Male) |
| 19:24 | Build | Farm |
| 19:27 | Build | Farm |
| 19:44 | Build | House |
| 19:48 | Build | Farm |
| 19:56 | Queue | Unit 2550 |
| 20:25 | Queue | Villager (Male) |
| 20:59 | Queue | Villager (Male) |
| 21:03 | Build | Market |
| 21:04 | Queue | Villager (Male) |
| 21:27 | Build | Farm |
| 21:27 | Build | Farm |
| 21:29 | Build | Farm |
| 21:40 | Build | Farm |
| 21:49 | Build | House |
| 21:50 | Build | House |
| 21:56 | Research | Castle Age |
| 22:10 | Queue | Unit 2550 |
| 22:10 | Queue | Unit 2550 |
| 22:25 | Build | Settlement |
| 22:43 | Build | Archery Range |
| 22:53 | Queue | Villager (Male) |
| 23:08 | Build | House |
| 23:09 | Build | House |
| 23:27 | Research | Padded Archer Armor |
| 23:33 | Build | Palisade Wall |
| 23:39 | Queue | Unit 2550 |
| 24:08 | Queue | Spearman |
| 24:13 | Queue | Spearman |
| 24:14 | Queue | Spearman |
| 24:15 | Queue | Spearman |
| 24:16 | Queue | Spearman |
| 24:16 | Queue | Spearman |
Build order — Hannibal
First 150 of 355 actions detected
| 0:00 | Queue | Villager (Male) |
| 0:01 | Queue | Villager (Male) |
| 0:02 | Build | House |
| 0:07 | Queue | Villager (Male) |
| 0:09 | Queue | Villager (Male) |
| 1:20 | Build | House |
| 1:23 | Build | House |
| 1:28 | Queue | Villager (Male) |
| 1:54 | Queue | Villager (Male) |
| 2:12 | Queue | Villager (Male) |
| 2:27 | Build | Lumber Camp |
| 2:44 | Queue | Villager (Male) |
| 3:04 | Queue | Villager (Male) |
| 3:30 | Queue | Villager (Male) |
| 3:56 | Queue | Villager (Male) |
| 4:06 | Queue | Villager (Male) |
| 4:29 | Queue | Villager (Male) |
| 4:56 | Queue | Villager (Male) |
| 5:11 | Build | Barracks |
| 5:23 | Queue | Villager (Male) |
| 5:38 | Research | Loom |
| 5:43 | Build | House |
| 6:24 | Build | House |
| 6:39 | Research | Feudal Age |
| 6:39 | Research | Feudal Age |
| 6:39 | Research | Feudal Age |
| 6:58 | Queue | Militia |
| 6:58 | Queue | Militia |
| 7:02 | Build | Palisade Wall |
| 7:18 | Queue | Militia |
| 7:18 | Queue | Militia |
| 7:36 | Queue | Militia |
| 7:51 | Build | Mill |
| 8:04 | Build | Palisade Gate |
| 8:34 | Build | Mining Camp |
| 8:50 | Age | Feudal Age |
| 8:52 | Queue | Villager (Male) |
| 9:09 | Queue | Villager (Male) |
| 9:10 | Research | Double-Bit Axe |
| 9:10 | Research | Double-Bit Axe |
| 9:14 | Queue | Villager (Male) |
| 9:30 | Queue | Militia |
| 9:53 | Queue | Villager (Male) |
| 9:54 | Queue | Villager (Male) |
| 9:56 | Build | House |
| 10:02 | Queue | Villager (Male) |
| 10:26 | Queue | Villager (Male) |
| 10:27 | Build | Lumber Camp |
| 10:37 | Build | Palisade Wall |
| 10:45 | Queue | Militia |
| 10:57 | Queue | Villager (Male) |
| 11:07 | Queue | Villager (Male) |
| 11:21 | Build | Palisade Wall |
| 11:22 | Build | Palisade Wall |
| 11:25 | Queue | Villager (Male) |
| 11:40 | Queue | Militia |
| 11:40 | Queue | Militia |
| 11:42 | Build | Farm |
| 11:51 | Build | Farm |
| 11:52 | Build | Farm |
| 11:53 | Build | Farm |
| 12:04 | Build | Farm |
| 12:19 | Queue | Militia |
| 12:19 | Queue | Militia |
| 12:21 | Build | Farm |
| 12:23 | Build | Farm |
| 12:26 | Build | Farm |
| 12:33 | Build | House |
| 12:37 | Build | Palisade Wall |
| 12:41 | Build | Farm |
| 12:43 | Queue | Villager (Male) |
| 12:58 | Queue | Villager (Male) |
| 13:19 | Queue | Villager (Male) |
| 13:25 | Queue | Villager (Male) |
| 13:38 | Build | Archery Range |
| 13:45 | Build | Farm |
| 13:47 | Queue | Militia |
| 13:47 | Queue | Militia |
| 13:51 | Build | House |
| 13:51 | Build | House |
| 13:52 | Build | House |
| 13:52 | Build | House |
| 13:57 | Queue | Villager (Male) |
| 13:58 | Build | Farm |
| 14:04 | Build | Farm |
| 14:04 | Build | Farm |
| 14:07 | Queue | Villager (Male) |
| 14:08 | Queue | Villager (Male) |
| 14:22 | Queue | Skirmisher |
| 14:22 | Queue | Skirmisher |
| 14:28 | Build | Farm |
| 14:31 | Queue | Militia |
| 14:31 | Queue | Militia |
| 14:38 | Queue | Villager (Male) |
| 14:39 | Queue | Villager (Male) |
| 14:40 | Queue | Skirmisher |
| 14:54 | Build | House |
| 14:55 | Build | House |
| 15:00 | Queue | Militia |
| 15:03 | Build | Blacksmith |
| 15:07 | Queue | Villager (Male) |
| 15:07 | Queue | Villager (Male) |
| 15:08 | Queue | Villager (Male) |
| 15:21 | Queue | Skirmisher |
| 15:21 | Queue | Skirmisher |
| 15:22 | Queue | Skirmisher |
| 15:33 | Build | Palisade Wall |
| 15:35 | Research | Horse Collar |
| 15:36 | Research | Horse Collar |
| 15:38 | Queue | Villager (Male) |
| 15:38 | Queue | Villager (Male) |
| 15:47 | Research | Fletching |
| 15:51 | Build | House |
| 15:52 | Build | House |
| 15:54 | Build | Palisade Wall |
| 15:55 | Build | Palisade Wall |
| 16:02 | Queue | Militia |
| 16:02 | Queue | Militia |
| 16:03 | Queue | Villager (Male) |
| 16:05 | Build | Farm |
| 16:12 | Queue | Villager (Male) |
| 16:17 | Build | Farm |
| 16:23 | Queue | Skirmisher |
| 16:23 | Queue | Skirmisher |
| 16:33 | Queue | Villager (Male) |
| 16:34 | Queue | Villager (Male) |
| 16:34 | Queue | Villager (Male) |
| 16:35 | Build | Farm |
| 16:54 | Queue | Villager (Male) |
| 17:08 | Queue | Villager (Male) |
| 17:11 | Queue | Militia |
| 17:11 | Queue | Militia |
| 17:21 | Build | Farm |
| 17:35 | Build | Farm |
| 17:37 | Queue | Villager (Male) |
| 17:43 | Build | Farm |
| 18:06 | Build | House |
| 18:13 | Build | Farm |
| 18:32 | Build | House |
| 18:44 | Build | Farm |
| 18:47 | Build | Farm |
| 18:47 | Build | Farm |
| 18:55 | Build | House |
| 18:56 | Queue | Villager (Male) |
| 19:01 | Build | House |
| 19:24 | Build | House |
| 19:36 | Build | House |
| 19:48 | Research | Castle Age |
| 19:55 | Build | Mining Camp |
| 20:12 | Research | Gold Mining |
Match timeline
| 5:01 | Oni.GoKu · first_building Barracks |
| 5:11 | Hannibal · first_building Barracks |
| 6:26 | Oni.GoKu · wall_segment Palisade Wall x4 |
| 7:02 | Hannibal · wall_segment Palisade Wall x10 |
| 7:55 | Oni.GoKu · wall_segment Palisade Wall x9 |
| 8:35 | Oni.GoKu · wall_segment Palisade Wall x1 |
| 8:40 | Oni.GoKu · wall_segment Palisade Wall x1 |
| 8:43 | Oni.GoKu · wall_segment Palisade Wall x1 |
| 8:50 | Hannibal · age_up feudal |
| 8:52 | Oni.GoKu · wall_segment Palisade Wall x7 |
| 8:59 | Oni.GoKu · age_up feudal |
| 9:09 | Oni.GoKu · wall_segment Palisade Wall x1 |
| 9:29 | Oni.GoKu · wall_segment Palisade Wall x1 |
| 9:30 | Oni.GoKu · wall_segment Palisade Wall x1 |
| 9:32 | Oni.GoKu · wall_segment Palisade Wall x1 |
| 9:52 | Oni.GoKu · first_building Archery Range |
| 10:06 | Oni.GoKu · wall_segment Palisade Wall x1 |
| 10:08 | Oni.GoKu · wall_segment Palisade Wall x1 |
| 10:37 | Hannibal · wall_segment Palisade Wall x9 |
| 11:03 | Oni.GoKu · wall_segment Palisade Wall x7 |
| 11:21 | Hannibal · wall_segment Palisade Wall x1 |
| 11:22 | Hannibal · wall_segment Palisade Wall x1 |
| 12:37 | Hannibal · wall_segment Palisade Wall x1 |
| 13:38 | Hannibal · first_building Archery Range |
| 15:33 | Hannibal · wall_segment Palisade Wall x10 |
| 15:54 | Hannibal · wall_segment Palisade Wall x9 |
| 15:55 | Hannibal · wall_segment Palisade Wall x1 |
| 16:32 | Oni.GoKu · wall_segment Palisade Wall x1 |
| 16:36 | Oni.GoKu · wall_segment Palisade Wall x1 |
| 21:08 | Hannibal · first_building Stable |
| 21:54 | Oni.GoKu · first_market_buy 100 food |
| 22:28 | Hannibal · age_up castle |
| 23:33 | Oni.GoKu · wall_segment Palisade Wall x3 |
| 24:34 | Oni.GoKu · wall_segment Palisade Wall x1 |
| 24:36 | Oni.GoKu · wall_segment Palisade Wall x1 |
| 24:37 | Oni.GoKu · wall_segment Palisade Wall x1 |
| 24:39 | Oni.GoKu · wall_segment Palisade Wall x1 |
| 24:47 | Oni.GoKu · age_up castle |
| 25:13 | Oni.GoKu · wall_segment Palisade Wall x1 |
| 25:15 | Oni.GoKu · wall_segment Palisade Wall x1 |
| 25:50 | Hannibal · first_building Monastery |
| 30:20 | Oni.GoKu · wall_segment Palisade Wall x1 |
| 30:24 | Oni.GoKu · wall_segment Palisade Wall x1 |
| 30:29 | Oni.GoKu · wall_segment Palisade Wall x1 |
| 31:56 | Oni.GoKu · first_building Siege Workshop |
| 33:39 | Hannibal · first_building Castle |
| 34:26 | Oni.GoKu · resign |
[ AI ANALYSIS · 1 CREDIT ]
What really happened in this match?
Wolo.gg analyzes every decision: build order, eco, micro, common mistakes by bracket. Personalized analysis on WhatsApp or Discord in 30 seconds.
Civ guide
Mapuche
Perfil
Jugador #6850569